 Dungeon Crawl Stone Soup version 0.23-a0-494-g91793a9 (webtiles) character file.

37 Leeroy the Charmwright (level 3, -1/31 HPs)
             Began as a Gnoll Skald on Dec 3, 2018.
             Slain by an adder skeleton (3 damage)
             ... on level 2 of the Dungeon.
             The game lasted 00:04:15 (930 turns).

Leeroy the Charmwright (Gnoll Skald)                 Turns: 930, Time: 00:04:16

Health: -1/31      AC:  4    Str: 12 (14) XL:     3   Next: 39%
Magic:  3/9        EV: 13    Int: 14 (15) God:
Gold:   68         SH:  0    Dex: 13 (14) Spells: 1/12 levels left

rFire    . . .     SeeInvis .   n - +0 spear
rCold    . . .     Gourm    .   (no shield)
rNeg     . . .     Faith    .   b - +0 leather armour
rPois    .         Spirit   .   g - +0 helmet
rElec    .         Reflect  .   (no cloak)
rCorr    .         Harm     .   (no gloves)
MR       .....                  (no boots)
Stlth    +.........             (no amulet)
HPRegen  0.10/turn              (no ring)
MPRegen  0.11/turn              (no ring)

@: no status effects
A: distributed training, fangs 1, strong nose
a: no special abilities


You were on level 2 of the Dungeon.
You were hungry.

You visited 1 branch of the dungeon, and saw 2 of its levels.

You collected 68 gold pieces.

Inventory:

Hand Weapons
 a - a +0 falchion
 c - a +0 dagger
 f - a +0 hunting sling
 j - a +0 dagger
 m - a +0 spear
 n - a +0 spear (weapon)
 p - a +0 short sword
Missiles
 k - 15 bolts
 q - 5 stones (quivered)
 s - 7 poisoned needles
Armour
 b - a +0 leather armour (worn)
 g - a +0 helmet (worn)
 l - a +0 robe
Scrolls
 e - 3 scrolls of immolation {unknown}
 h - a scroll of identify {unknown}
 o - a scroll of remove curse {unknown}
 r - a scroll of fear {unknown}
Comestibles
 d - 4 rations


   Skills:
 + Level 4.5 Fighting
 + Level 0.7 Short Blades
 + Level 4.5 Long Blades
 + Level 0.7 Axes
 + Level 0.7 Maces & Flails
 + Level 0.7 Polearms
 + Level 0.7 Staves
 + Level 0.7 Slings
 + Level 0.7 Bows
 + Level 0.7 Crossbows
 + Level 0.7 Throwing
 + Level 2.6 Armour
 + Level 4.5 Dodging
 + Level 0.7 Stealth
 + Level 0.7 Shields
 + Level 0.7 Unarmed Combat
 + Level 5.0 Spellcasting
 + Level 0.5 Conjurations
 + Level 0.5 Hexes
 + Level 5.4 Charms
 + Level 0.5 Summonings
 + Level 0.5 Necromancy
 + Level 0.5 Translocations
 + Level 0.5 Transmutations
 + Level 0.5 Fire Magic
 + Level 0.5 Ice Magic
 + Level 0.5 Air Magic
 + Level 0.5 Earth Magic
 + Level 0.5 Poison Magic
 + Level 0.9 Invocations
 + Level 0.7 Evocations


You had one spell level left.
You knew the following spells:

 Your Spells              Type           Power        Failure   Level  Hunger
a - Infusion              Chrm           ###.         2%          1    None
b - Song of Slaying       Chrm           ###.....     3%          2    ##.....
c - Shroud of Golubria    Chrm/Tloc      ##........   10%         2    ##.....
d - Regeneration          Chrm/Necr      ##........   21%         3    ###....
e - Spectral Weapon       Hex/Chrm       ##......     21%         3    ###....

Your spell library contained the following spells:

 Spells                   Type           Power        Failure   Level  Hunger


Dungeon Overview and Level Annotations

Branches:
Dungeon (2/15)

Altars:

Annotations:
D:2 Sigmund


Innate Abilities, Weirdness & Mutations

Your experience applies equally to all skills.
You have very sharp teeth.
Your uncanny sense of smell can sniff out nearby items.


Message History

Press: ? - help, Dir - move target cursor You could not reach far enough!
Something hits you!
* * * LOW HITPOINT WARNING * * *
A magic dart appears from out of thin air!
The magic dart hits your spectral weapon.
Your spectral weapon shares its damage with you!
* * * LOW HITPOINT WARNING * * *
A kobold comes into view. It is wielding a +0 dagger.
Your spectral weapon fades away.
An adder skeleton comes into view.
It was a potion of degeneration.
There was something very wrong with that liquid.
You feel weakened.
You feel dopey.
You feel clumsy.
The kobold shouts!
You hit the adder skeleton.
The adder skeleton is heavily damaged.
The adder skeleton closely misses you. Something hits you.
* * * LOW HITPOINT WARNING * * *
The adder skeleton bites you.
You die...

############ #
#..........#+#.# .
#..............#
...####.........@Z...##
...>..............K.....
...####...............P.
. #..........#+#....
#### #..........# .8.
...# ##.....##### ..
...# #.......# . ...#
##.......#
...####........# ∆


You could see a kobold and an adder skeleton.

Vanquished Creatures
  An ooze (D:2)
  An adder skeleton (D:2)
  A leopard gecko (D:1)
  A giant cockroach (D:1)
  4 hobgoblins
  2 jackals (D:1)
  2 kobolds
  A ball python (D:1)
  4 bats
  3 frilled lizards (D:1)
  5 goblins (D:1)
  A leopard gecko zombie (D:2)
  2 rats (D:1)
  A withered plant (D:2)
29 creatures vanquished.

Notes
Turn   | Place    | Note
-------+----------+-------------------------------------------
     0 | D:1      | Leeroy the Gnoll Skald began the quest for the Orb.
     0 | D:1      | Reached XP level 1. HP: 20/20 MP: 6/6
   135 | D:1      | Reached XP level 2. HP: 26/26 MP: 7/7
   145 | D:1      | Learned a level 2 spell: Song of Slaying
   148 | D:1      | Learned a level 2 spell: Shroud of Golubria
   696 | D:1      | Reached XP level 3. HP: 31/31 MP: 9/9
   701 | D:1      | Learned a level 3 spell: Regeneration
   705 | D:1      | Learned a level 3 spell: Spectral Weapon
   847 | D:2      | Reached skill level 5 in Spellcasting
   902 | D:2      | Noticed Sigmund
   930 | D:2      | Slain by an adder skeleton

Vault maps used:
D:1:      matt_arrival_grand_opening
D:2:      serial_undead, serial_undead_e, serial_undead_c, serial_undead_c,
          serial_undead_a, serial_undead_a, serial_undead_f, first_ration,
          minmay_circled_x, uniq_sigmund

Skill      XL: |  1  2  3 |
---------------+----------+-----
Spellcasting   | 5 |  5.0
Fighting       | |  4.5
Short Blades   | |  0.7
Long Blades    | |  4.5
Axes           | |  0.7
Maces & Flails | |  0.7
Polearms       | |  0.7
Staves         | |  0.7
Slings         | |  0.7
Bows           | |  0.7
Crossbows      | |  0.7
Throwing       | |  0.7
Armour         | |  2.6
Dodging        | |  4.5
Stealth        | |  0.7
Shields        | |  0.7
Unarmed Combat | |  0.7
Conjurations   | |  0.5
Hexes          | |  0.5
Charms         | |  5.4
Summonings     | |  0.5
Necromancy     | |  0.5
Translocations | |  0.5
Transmutations | |  0.5
Fire Magic     | |  0.5
Ice Magic      | |  0.5
Air Magic      | |  0.5
Earth Magic    | |  0.5
Poison Magic   | |  0.5
Invocations    | |  0.9
Evocations     | |  0.7

Action                   || total
-------------------------++-------
Melee: Falchion          ||   122
       Bite              ||    18
       Spear             ||     2
 Cast: Spectral Weapon   ||     4
       Song of Slaying   ||     1
  Use: Potion            ||     1
 Stab: Sleeping          ||     1
Armor: Leather armour    ||    21
Dodge: Dodged            ||    87
       Rpst.: Falchion   ||    23

Table legend:
 A = Non-vault XP
 B = Vault XP
 C = Vault XP percentage of total XP
 D = Non-vault monster count
 E = Vault monster count
 F = Vault count percentage of total count
                 A         B        C        D         E       F
            +---------+---------+-------+---------+---------+-------
      Total |      47 |       6 |  11.3 |      26 |       2 |   7.1
            +---------+---------+-------+---------+---------+-------
        D:1 |      35 |       0 |   0.0 |      22 |       0 |   0.0
        D:2 |      12 |       6 |  33.3 |       4 |       2 |  33.3
            +---------+---------+-------+---------+---------+-------
